 Dungeon Sprint DCSS version 0.26-a0-683-g5206c1d7ac (webtiles) character file.

Game seed: 15413704164152378581

27443123 jfcaron the Intangible (level 21, 204/204 HPs)
             Began as a Merfolk Fighter on Oct 23, 2020.
             Was the Champion of Qazlal.
             Escaped with the Orb
             ... and 7 runes!
             The game lasted 01:14:24 (11455 turns).

jfcaron the Intangible (Merfolk Fighter)           Turns: 11455, Time: 01:14:25

Health: 204/204    AC: 29    Str: 34    XL:     21   Next: 91%
Magic:  38/38      EV: 31    Int: 16    God:    Qazlal [******]
Gold:   1181       SH: 40    Dex: 15    Spells: 41/41 levels left

rFire    + . .     SeeInvis +   S - +7 trishula (holy)
rCold    + . .     Faith    +   O - +3 tower shield
rNeg     + . .     Spirit   .   m - +2 acid dragon scales of Muwkam {*Drain +Blink +Inv rF+ rCorr}
rPois    +         Reflect  .   J - +1 helmet
rElec    .         Harm     .   u - +2 cloak
rCorr    +         Rampage  .   B - +2 pair of gloves {Str+3}
MR       ++...     NoTele   +   a - +0 pair of boots of Shielding {rPois Str+5}
Stlth    +.........             X - amulet "Quewefio" {Faith rC+ Int+8 Dex-4}
HPRegen  0.44/turn              N - +6 ring of strength
MPRegen  0.26/turn              W - ring "Dasul" {rN+ MR+ SInv}

@: repel missiles
A: change form in water, swift swim, stealthy swim
0: Orb of Zot
}: 7/17 runes: decaying, serpentine, barnacled, slimy, elven, silver, gossamer
a: Upheaval, Elemental Force, Disaster Area, Renounce Religion, Evoke Blink,
Evoke Invisibility


You escaped.
You worshipped Qazlal.
Qazlal was exalted by your worship.
You visited 1 branch You collected 1983 gold pieces.
You spent 802 gold pieces at shops.

Inventory:

Hand Weapons
 S - a +7 trishula of holy wrath (weapon)
 V - a +3 demon trident
Missiles
 p - 11 poisoned darts
 U - 26 javelins (quivered)
Armour
 a - the +0 pair of boots of Shielding (worn) {rPois Str+5}
   (You found it in the Dungeon)

   It affects your strength (+5).
   It protects you from poison.
 m - the +2 acid dragon scales of Muwkam (worn) {*Drain +Blink +Inv rF+ rCorr}
   (You found it in the Dungeon)

   It protects you from fire.
   It lets you turn invisible.
   It lets you blink.
   It provides partial protection from all sources of acid and corrosion.
   It causes draining when unequipped.
 u - a +2 cloak (worn)
 B - a +2 pair of gloves of strength (worn)
 J - a +1 helmet (worn)
 O - a +3 tower shield (worn)
Jewellery
 d - the ring "Nisew" {*Slow rC++ MR+ Dex+3}
   (You found it in the Dungeon)

   [ring of dexterity]

   It affects your dexterity (+3).
   It greatly protects you from cold.
   It affects your resistance to hostile enchantments.
   It may slow you when you take damage.
 t - a +4 ring of evasion
 F - an uncursed ring of fire
 N - a +6 ring of strength (left hand)
 W - the ring "Dasul" (right hand) {rN+ MR+ SInv}
   (You found it in the Dungeon)

   [ring of see invisible]

   It protects you from negative energy.
   It affects your resistance to hostile enchantments.
   It lets you see invisible.
 X - the amulet "Quewefio" (around neck) {Faith rC+ Int+8 Dex-4}
   (You found it in the Dungeon)

   [amulet of faith]

   It allows you to gain divine favour quickly.
   It affects your intelligence (+8).
   It affects your dexterity (-4).
   It protects you from cold.
 Z - the ring of Doubt {rElec rPois rC+ rN+ Str-5}
   (You found it in the Dungeon)

   [ring of protection from cold]

   It affects your strength (-5).
   It protects you from cold.
   It insulates you from electricity.
   It protects you from poison.
   It protects you from negative energy.
Wands
 c - a wand of enslavement (9)
 n - a wand of acid (8)
 o - a wand of digging (6)
 E - a wand of disintegration (15)
Scrolls
 j - 4 scrolls of blinking
 l - 8 scrolls of remove curse
 v - a scroll of identify
 w - 3 scrolls of fear
 y - 3 scrolls of fog
Potions
 b - a potion of lignification
 e - 13 potions of curing
 f - 10 potions of heal wounds
 g - 7 potions of haste
 h - 9 potions of magic
 i - 6 potions of mutation
 k - 3 potions of invisibility
 x - a potion of berserk rage
 I - a potion of stabbing
 P - 5 potions of brilliance
 T - a potion of flight
Miscellaneous
 r - a box of beasts (3/3)
 s - a condenser vane (2/2)


   Skills:
 O Level 27 Fighting
 O Level 27 Polearms
 O Level 27 Throwing
 O Level 27 Armour
 O Level 27 Dodging
 O Level 27 Shields
 + Level 10.6 Spellcasting
 O Level 27 Invocations
 O Level 27 Evocations


You had 41 spell levels left.
You didn't know any spells.
Your spell library was empty.

Dungeon Overview and Level Annotations

Branches:
Dungeon (1/1)

Altars:
Cheibriados
Dithmenos
Elyvilon
Fedhas
Gozag
Hepliaklqana
Kikubaaqudgha
Makhleb
Nemelex Xobeh
Okawaru
Qazlal
Ru
Sif Muna
Trog
Uskayaw
Vehumet
Wu Jian
Xom
Yredelemnul
Zin
The Shining One
Beogh
Jiyva
Lugonu

Shops:
D *[[!


Message History

There is a sparkling altar of Nemelex Xobeh here.
There is a burning altar of Makhleb here.
There is a corrupted altar of Lugonu here.
There is an ancient bone altar of Kikubaaqudgha here.
There is a hazy altar of Hepliaklqana here.
There is an opulent altar of Gozag here.
There is a blossoming altar of Fedhas here.
There is a white marble altar of Elyvilon here.
There is a shadowy altar of Dithmenos here.
There is a snail-covered altar of Cheibriados here.
There is a roughly hewn altar of Beogh here.
There is an open door to the Temple here.
There is an open door, spattered with blood here.
Things that are here:
a +0 flail; a +0 scale mail
There is an open door to the Dungeon here.
Things that are here:
a +0 club; a cursed -3 club; a +0 club
There is a staircase leading out of the dungeon here.
You have escaped!

▓▓▓▓▓▓▓▓▓▓▓▓▓▓▓▓▓▓
...▓...▓...▓...▓@▓
.▓.▓.▓.▓.▓.▓.▓.▓.▓
.▓.▓.▓.▓.▓(▓.▓.▓.▓
.▓.▓.▓.▓.▓.▓.▓.▓.▓
.▓.▓.▓.▓.▓.▓.▓.▓)▓
.▓.▓.▓.▓.▓.▓.▓(▓.▓
.▓.▓.▓.▓.▓.▓.▓.▓.▓
.▓.▓.▓(▓.▓.▓)▓.▓.▓
.▓.▓.▓)▓.▓.▓.▓.▓.▓


There were no monsters in sight!

Vanquished Creatures
  the Royal Jelly (D)
  3 orbs of fire (D)
  Mennas (D)
  Mara (D)
  4 ancient liches (D)
  Sojobo (D)
  Boris (twice) (D)
  Frederick (D)
  A Killer Klown (D)
  A curse toe (D)
  Xtahua (D)
  Nikola (D)
  Jory (D)
  2 bone dragons (D)
  A Brimstone Fiend (D)
  A Tzitzimitl (D)
  4 electric golems (D)
  4 liches (D)
  Rupert (D)
  8 tentacled monstrosities (D)
  2 Hell Sentinels (D)
  31 Orb Guardians (D)
  A titan (D)
  A deep elf master archer (D)
  14 acid blobs (D)
  A deep elf blademaster (D)
  2 quicksilver dragons (D)
  2 Executioners (D)
  A death cob (D)
  3 pandemonium lords (D)
  3 tengu reavers (D)
  A thorn hunter (D)
  3 storm dragons (D)
  6 shadow dragons (D)
  Donald (D)
  8 azure jellies (D)
  3 nagarajas (D)
  2 draconian monks (D)
  2 frost giants (D)
  Ilsuiw (D)
  2 balrugs (D)
  A cacodemon (D)
  8 emperor scorpions (D)
  2 ghost moths (D)
  Louise (D)
  4 vault wardens (D)
  3 draconian scorchers (D)
  2 draconian stormcallers (D)
  A draconian knight (D)
  2 draconian annihilators (D)
  6 deep elf sorcerers (D)
  A reaper (D)
  3 ironheart preservers (D)
  3 stone giants (D)
  3 white draconians (D)
  Azrael (D)
  4 entropy weavers (D)
  8 vampire knights (D)
  A deep elf demonologist (D)
  3 green draconians (D)
  2 lorocyprocas (D)
  3 black draconians (D)
  A black sun (D)
  A deep elf annihilator (D)
  A purple draconian (D)
  A spark wasp (D)
  5 yellow draconians (D)
  5 red draconians (D)
  3 ettins (D)
  3 merfolk javelineers (D)
  9 death oozes (D)
  A fire dragon (D)
  A green death (D)
  A deep elf death mage (D)
  Snorg (D)
  2 great orbs of eyes (D)
  3 deep elf high priests (D)
  4 yaktaur captains (D)
  A merfolk impaler (D)
  8 hydras (D)
  4 ice dragons (D)
  A merfolk avatar (D)
  2 boulder beetles (D)
  3 rakshasas (D)
  25 vault guards (D)
  A ghost crab (D)
  3 naga warriors (D)
  2 anacondas (D)
  A centaur warrior (D)
  3 ogre magi (D)
  5 merfolk aquamancers (D)
  An alligator (D)
  A tengu warrior (D)
  An orc high priest (D)
  2 deep troll shamans (D)
  A vampire mage (D)
  2 shock serpents (D)
  A deep elf knight (D)
  4 sun demons (D)
  A naga sharpshooter (D)
  2 soul eaters (D)
  Nergalle (D)
  3 sixfirhies (D)
  2 glowing orange brains (D)
  An unseen horror (shapeshifter) (D)
  An infernal demonspawn (D)
  A spriggan druid (D)
  A shadow demon (D)
  An unseen horror (D)
  A glowing orange brain (shapeshifter) (D)
  A flayed ghost (D)
  A cherub (D)
  3 torturous demonspawn (D)
  A sea snake (D)
  6 swamp dragons (D)
  A wolf spider (D)
  An orb spider (D)
  7 orc knights (D)
  2 ironbrand convokers (D)
  A harpy (D)
  2 ugly things (D)
  2 orc sorcerers (D)
  3 vault sentinels (D)
  A merfolk siren (D)
  9 moths of wrath (D)
  A guardian serpent (D)
  Maurice (D)
  A water nymph (shapeshifter) (D)
  3 water nymphs (D)
  3 black mambas (D)
  4 naga magi (D)
  A cane toad (shapeshifter) (D)
  3 cane toads (D)
  A gargoyle (D)
  3 yaktaurs (D)
  3 komodo dragons (D)
  An efreet (D)
  A demonic crawler (D)
  4 red devils (D)
  An ice devil (D)
  3 merfolk (D)
  3 jumping spiders (D)
  A polar bear (D)
  A tengu conjurer (D)
  A queen bee (shapeshifter) (D)
  4 tyrant leeches (D)
  2 hornets (D)
  2 slime creatures (D)
  A large abomination (D)
  4 redbacks (D)
  A snapping turtle (D)
  A shadow (D)
  A tarantella (D)
  12 spriggans (D)
  A basilisk (D)
  3 yaks (D)
  A water elemental (D)
  2 wraiths (D)
  2 wyverns (D)
  2 neqoxecs (D)
  A yak (shapeshifter) (D)
  2 fire elementals (D)
  5 vampire mosquitoes (D)
  A steam dragon (D)
  A soldier ant (shapeshifter) (D)
  4 nagas (D)
  3 acid dragons (D)
  A water moccasin (D)
  A floating eye (D)
  2 hell hounds (D)
  An ice beast (D)
  A sky beast (D)
  8 orc warriors (D)
  3 swamp drakes (D)
  A wolf (D)
  5 bullfrogs (D)
  A wight (D)
  4 orc priests (D)
  A hound (D)
  An orc wizard (D)
  A worker ant (D)
  A small abomination (D)
  2 adders (D)
  A shadow imp (D)
  2 white imps (D)
  An adder skeleton (D)
  18 orcs (D)
  A bat skeleton (D)
  A goblin (D)
  3 hobgoblins (D)
  A rat (D)
520 creatures vanquished.

Notes
Turn   | Place    | Note
-------+----------+-------------------------------------------
     0 | D        | jfcaron the Merfolk Fighter began the quest for the Orb.
     0 | D        | Reached XP level 1. HP: 18/18 MP: 1/1
     5 | D        | Reached skill level 1 in Dodging
    88 | D        | Noticed a hound
    97 | D        | Reached XP level 2. HP: 15/25 MP: 2/2
   113 | D        | Reached skill level 5 in Polearms
   113 | D        | Reached XP level 3. HP: 16/31 MP: 3/3
   130 | D        | Reached skill level 5 in Fighting
   130 | D        | Reached XP level 4. HP: 14/39 MP: 4/4
   326 | D        | Found a roughly hewn altar of Beogh.
   326 | D        | Found a snail-covered altar of Cheibriados.
   326 | D        | Found a shadowy altar of Dithmenos.
   326 | D        | Found a white marble altar of Elyvilon.
   326 | D        | Found a blossoming altar of Fedhas.
   326 | D        | Found an opulent altar of Gozag.
   327 | D        | Found a hazy altar of Hepliaklqana.
   328 | D        | Found a viscous altar of Jiyva.
   329 | D        | Found an ancient bone altar of Kikubaaqudgha.
   330 | D        | Found a corrupted altar of Lugonu.
   331 | D        | Found a burning altar of Makhleb.
   332 | D        | Found a sparkling altar of Nemelex Xobeh.
   333 | D        | Found an iron altar of Okawaru.
   334 | D        | Found a stormy altar of Qazlal.
   335 | D        | Found a sacrificial altar of Ru.
   336 | D        | Found a shimmering blue altar of Sif Muna.
   337 | D        | Found a bloodstained altar of Trog.
   338 | D        | Found a hide-covered altar of Uskayaw.
   339 | D        | Found a radiant altar of Vehumet.
   340 | D        | Found an ornate altar of the Wu Jian Council.
   341 | D        | Found a shimmering altar of Xom.
   342 | D        | Found a basalt altar of Yredelemnul.
   343 | D        | Found a glowing silver altar of Zin.
   344 | D        | Found a glowing golden altar of the Shining One.
   354 | D        | Became a worshipper of Qazlal Stormbringer
   373 | D        | Got the +2 halberd of the Dancing Dragonfly {flame, +Rage
                  | rElec rN+ Int-4}
   420 | D        | Noticed a yak
   420 | D        | Noticed an ice beast
   420 | D        | Noticed a sky beast
   447 | D        | Killed a yak
   447 | D        | Reached XP level 5. HP: 38/47 MP: 4/8
   449 | D        | Reached * piety under Qazlal
   449 | D        | Reached XP level 6. HP: 43/53 MP: 4/9
   467 | D        | Killed an ice beast
   467 | D        | Reached skill level 5 in Invocations
   480 | D        | Killed a sky beast
   480 | D        | Reached ** piety under Qazlal
   480 | D        | Reached XP level 7. HP: 50/62 MP: 7/11
   519 | D        | Noticed a steam dragon
   519 | D        | Noticed a vampire mosquito
   519 | D        | Noticed an efreet
   527 | D        | Killed an unseen horror
   527 | D        | Reached skill level 10 in Dodging
   527 | D        | Reached XP level 8. HP: 60/71 MP: 7/13
   531 | D        | Killed an efreet
   538 | D        | Reached *** piety under Qazlal
   545 | D        | Reached skill level 10 in Fighting
   719 | D        | Noticed a komodo dragon
   719 | D        | Noticed a five-headed hydra
   719 | D        | Noticed a cane toad
   719 | D        | Noticed a komodo dragon
   722 | D        | Killed a five-headed hydra
   722 | D        | Reached skill level 10 in Shields
   722 | D        | Reached XP level 9. HP: 79/79 MP: 6/16
   723 | D        | Killed a komodo dragon
   723 | D        | Noticed a komodo dragon
   819 | D        | Killed a komodo dragon
   819 | D        | Reached skill level 10 in Invocations
   820 | D        | Killed a cane toad
   822 | D        | Reached **** piety under Qazlal
   826 | D        | Killed a komodo dragon
   826 | D        | Reached XP level 10. HP: 83/89 MP: 5/18
   944 | D        | Noticed a cane toad
   944 | D        | Noticed a cane toad
   948 | D        | Noticed a four-headed hydra
   958 | D        | Noticed a black mamba
   962 | D        | Killed a cane toad
   962 | D        | Killed a cane toad
   964 | D        | Reached ***** piety under Qazlal
   977 | D        | Killed a four-headed hydra
   980 | D        | Killed a black mamba
  1156 | D        | Reached skill level 15 in Dodging
  1159 | D        | Reached XP level 11. HP: 98/98 MP: 15/20
  1337 | D        | Noticed an orc high priest
  1339 | D        | Killed an orc high priest
  1364 | D        | Reached ****** piety under Qazlal
  1420 | D        | Noticed an orc sorcerer
  1420 | D        | Noticed an orc knight
  1422 | D        | Killed an orc sorcerer
  1428 | D        | Noticed an orc knight
  1445 | D        | Noticed an orc knight
  1448 | D        | Killed an orc knight
  1455 | D        | Killed an orc knight
  1467 | D        | Killed an orc knight
  1600 | D        | Found Rogu Ceq's General Store.
  1600 | D        | Noticed an orc knight
  1615 | D        | Noticed an orc sorcerer
  1616 | D        | Killed an orc knight
  1623 | D        | Killed an orc sorcerer
  1623 | D        | Reached skill level 5 in Evocations
  1626 | D        | Found Oral's Antique Armour Shoppe.
  1630 | D        | Found Ochutu's Armour Emporium.
  1633 | D        | Found Motecede's Distillery.
  1637 | D        | Noticed an orc knight
  1658 | D        | Killed an orc knight
  1673 | D        | Bought a potion of might for 40 gold pieces
  1673 | D        | Bought a potion of curing for 30 gold pieces
  1673 | D        | Bought a potion of invisibility for 80 gold pieces
  1673 | D        | Bought a potion of curing for 30 gold pieces
  1673 | D        | Bought a potion of curing for 30 gold pieces
  1673 | D        | Bought a potion of haste for 100 gold pieces
  1673 | D        | Bought 2 potions of curing for 60 gold pieces
  1675 | D        | Bought a +1 pair of gloves for 126 gold pieces
  1690 | D        | Bought a potion of haste for 130 gold pieces
  1690 | D        | Bought 14 poisoned darts for 72 gold pieces
  1690 | D        | Bought a potion of invisibility for 104 gold pieces
  1768 | D        | Noticed Maurice
  1773 | D        | Killed Maurice
  1964 | D        | Noticed a red ugly thing
  1964 | D        | Noticed a boulder beetle
  1975 | D        | Killed a red ugly thing
  1975 | D        | Killed a boulder beetle
  1977 | D        | Noticed a rakshasa
  1977 | D        | Noticed a centaur warrior
  1996 | D        | Killed a centaur warrior
  1996 | D        | Reached XP level 12. HP: 108/108 MP: 4/22
  2004 | D        | Killed a rakshasa
  2004 | D        | Reached skill level 15 in Fighting
  2044 | D        | Noticed a rakshasa
  2046 | D        | Noticed an ogre mage
  2072 | D        | Killed a rakshasa
  2094 | D        | Killed an ogre mage
  2400 | D        | Noticed Azrael
  2408 | D        | Killed Azrael
  2408 | D        | Reached skill level 5 in Armour
  2498 | D        | Noticed Nergalle
  2512 | D        | Killed Nergalle
  2512 | D        | Reached skill level 1 in Spellcasting
  2625 | D        | Noticed Donald
  2645 | D        | Killed Donald
  2645 | D        | Reached skill level 15 in Invocations
  2888 | D        | Reached skill level 15 in Shields
  2971 | D        | Noticed a spark wasp
  2973 | D        | Killed a spark wasp
  2973 | D        | Reached XP level 13. HP: 115/115 MP: 19/24
  2974 | D        | Noticed an emperor scorpion
  2981 | D        | Reached skill level 5 in Spellcasting
  2987 | D        | Reached skill level 10 in Evocations
  3031 | D        | Killed an emperor scorpion
  3462 | D        | Noticed a thorn hunter
  3466 | D        | Killed a thorn hunter
  3466 | D        | Reached skill level 10 in Spellcasting
  3595 | D        | Noticed Snorg
  3606 | D        | Killed Snorg
  3709 | D        | Noticed Rupert
  3715 | D        | Killed Rupert
  3805 | D        | Noticed a yaktaur captain
  3805 | D        | Noticed a stone giant
  3805 | D        | Noticed a fire dragon
  3805 | D        | Noticed a stone giant
  3805 | D        | Noticed an ice dragon
  3817 | D        | Killed a yaktaur captain
  3818 | D        | Noticed a vampire knight
  3826 | D        | Killed a stone giant
  3827 | D        | Noticed a great orb of eyes
  3829 | D        | Noticed a rakshasa
  3837 | D        | Killed a fire dragon
  3842 | D        | Killed a stone giant
  3844 | D        | Killed a great orb of eyes
  3846 | D        | Killed a rakshasa
  3846 | D        | Reached XP level 14. HP: 83/126 MP: 10/28
  3847 | D        | Noticed a vampire knight
  3852 | D        | Killed a vampire knight
  3852 | D        | Killed a vampire knight
  3858 | D        | Noticed a frost giant
  3871 | D        | Killed a frost giant
  4253 | D        | Noticed an entropy weaver
  4253 | D        | Noticed a vault warden
  4257 | D        | Killed a vault warden
  4258 | D        | Killed an entropy weaver
  4262 | D        | Noticed a vault warden
  4277 | D        | Killed a vault warden
  4292 | D        | Noticed a vault warden
  4303 | D        | Killed a vault warden
  4305 | D        | Noticed an ironheart preserver
  4308 | D        | Noticed an entropy weaver
  4322 | D        | Killed an entropy weaver
  4327 | D        | Killed an ironheart preserver
  4374 | D        | Noticed an entropy weaver
  4377 | D        | Killed an entropy weaver
  4456 | D        | Noticed an ironheart preserver
  4487 | D        | Killed an ironheart preserver
  4588 | D        | Noticed Boris
  4595 | D        | Killed Boris
  4737 | D        | Noticed Louise
  4746 | D        | Killed Louise
  4982 | D        | Noticed Mennas
  5001 | D        | Killed Mennas
  5001 | D        | Reached XP level 15. HP: 100/139 MP: 22/29
  5002 | D        | Noticed Nikola
  5016 | D        | Killed Nikola
  5016 | D        | Reached skill level 15 in Evocations
  5152 | D        | Noticed Frederick
  5157 | D        | Killed Frederick
  5274 | D        | Noticed a tengu reaver
  5278 | D        | Noticed Sojobo
  5283 | D        | Killed a tengu reaver
  5283 | D        | Noticed a tengu reaver
  5283 | D        | Killed Sojobo
  5287 | D        | Noticed Xtahua
  5305 | D        | Killed a tengu reaver
  5360 | D        | Killed Xtahua
  5591 | D        | Noticed Ilsuiw
  5630 | D        | Killed Ilsuiw
  5670 | D        | Got a barnacled rune of Zot
  5703 | D        | Reached skill level 1 in Throwing
  5734 | D        | Got a decaying rune of Zot
  5747 | D        | Noticed an emperor scorpion
  5747 | D        | Noticed an emperor scorpion
  5747 | D        | Noticed an emperor scorpion
  5750 | D        | Killed an emperor scorpion
  5750 | D        | Killed an emperor scorpion
  5755 | D        | Killed an emperor scorpion
  5760 | D        | Noticed a ghost moth
  5765 | D        | Killed a ghost moth
  5765 | D        | Reached skill level 5 in Throwing
  5765 | D        | Reached XP level 16. HP: 150/150 MP: 1/30
  5946 | D        | Got a gossamer rune of Zot
  5955 | D        | Noticed a nagaraja
  5955 | D        | Noticed a nagaraja
  5955 | D        | Noticed a nagaraja
  5959 | D        | Killed a nagaraja
  5959 | D        | Killed a nagaraja
  5961 | D        | Killed a nagaraja
  6002 | D        | Got a serpentine rune of Zot
  6099 | D        | Reached skill level 10 in Throwing
  6425 | D        | Reached skill level 15 in Throwing
  6438 | D        | Noticed a shadow dragon
  6458 | D        | Killed a shadow dragon
  6460 | D        | Noticed a shadow dragon
  6475 | D        | Noticed an Orb Guardian
  6485 | D        | Killed a shadow dragon
  6490 | D        | Killed an Orb Guardian
  6490 | D        | Reached XP level 17. HP: 158/158 MP: 8/31
  6646 | D        | Noticed a titan
  6646 | D        | Noticed a tentacled monstrosity
  6665 | D        | Killed a titan
  6667 | D        | Killed a tentacled monstrosity
  6733 | D        | Got a silver rune of Zot
  6735 | D        | Got a brightly glowing spear
  6736 | D        | Identified the +0 spear of Aquzxae {vorpal, rF- MP+9 Int+10
                  | Dex-2} (You found it in the Dungeon)
  6834 | D        | Got the ring "Dasul" {rN+ MR+ SInv}
  6836 | D        | Got the amulet "Quewefio" {Faith rC+ Int+8 Dex-4}
  6838 | D        | Got the ring of Hepliaklqana's Wrath {Ice Int+5}
  6840 | D        | Got the ring of Doubt {rElec rPois rC+ rN+ Str-5}
  6857 | D        | Got the ring "Nisew" {*Slow rC++ MR+ Dex+3}
  6871 | D        | Got the +11 scythe of Broken Luck {speed, Dex+3}
  6898 | D        | Got the +0 pair of boots of Shielding {rPois Str+5}
  7015 | D        | Got the +2 acid dragon scales of Muwkam {*Drain +Blink +Inv
                  | rF+ rCorr}
  7086 | D        | Noticed Mara
  7110 | D        | Killed Mara
  7212 | D        | Noticed Jory
  7232 | D        | Killed Jory
  7424 | D        | Reached skill level 15 in Polearms
  7550 | D        | Noticed a bone dragon
  7550 | D        | Noticed a bone dragon
  7562 | D        | Killed a bone dragon
  7562 | D        | Reached skill level 10 in Armour
  7577 | D        | Killed a bone dragon
  7642 | D        | Noticed an electric golem
  7642 | D        | Noticed a tentacled monstrosity
  7660 | D        | Killed a tentacled monstrosity
  7664 | D        | Killed an electric golem
  7664 | D        | Reached XP level 18. HP: 125/166 MP: 16/32
  7807 | D        | Noticed a tentacled monstrosity
  7807 | D        | Noticed a curse toe
  7810 | D        | Noticed a tentacled monstrosity
  7818 | D        | Killed a curse toe
  7818 | D        | Killed a tentacled monstrosity
  7822 | D        | Killed a tentacled monstrosity
  8136 | D        | Noticed a quicksilver dragon
  8139 | D        | Killed a quicksilver dragon
  8141 | D        | Noticed an orb of fire
  8158 | D        | Killed an orb of fire
  8158 | D        | Reached skill level 27 in Dodging
  8353 | D        | Noticed an Orb Guardian
  8353 | D        | Noticed an Orb Guardian
  8353 | D        | Noticed an Orb Guardian
  8353 | D        | Noticed an Orb Guardian
  8353 | D        | Noticed an Orb Guardian
  8353 | D        | Noticed an Orb Guardian
  8359 | D        | Killed an Orb Guardian
  8362 | D        | Noticed an Orb Guardian
  8362 | D        | Killed an Orb Guardian
  8363 | D        | Killed an Orb Guardian
  8364 | D        | Killed an Orb Guardian
  8364 | D        | Killed an Orb Guardian
  8365 | D        | Noticed an Orb Guardian
  8366 | D        | Noticed an Orb Guardian
  8369 | D        | Killed an Orb Guardian
  8377 | D        | Killed an Orb Guardian
  8386 | D        | Killed an Orb Guardian
  8395 | D        | Killed an Orb Guardian
  8459 | D        | Noticed an Orb Guardian
  8464 | D        | Killed an Orb Guardian
  8476 | D        | Noticed a quicksilver dragon
  8476 | D        | Noticed a tentacled monstrosity
  8476 | D        | Noticed an Orb Guardian
  8476 | D        | Noticed an Orb Guardian
  8478 | D        | Killed an Orb Guardian
  8478 | D        | Reached XP level 19. HP: 178/178 MP: 29/34
  8483 | D        | Killed a tentacled monstrosity
  8651 | D        | Noticed an ancient lich
  8651 | D        | Noticed an orb of fire
  8662 | D        | Killed an ancient lich
  8664 | D        | Noticed an electric golem
  8686 | D        | Killed an orb of fire
  8695 | D        | Killed an electric golem
  8762 | D        | Noticed a tentacled monstrosity
  8762 | D        | Noticed an electric golem
  8762 | D        | Noticed a tentacled monstrosity
  8762 | D        | Noticed a Killer Klown
  8766 | D        | Noticed an orb of fire
  8771 | D        | Killed a tentacled monstrosity
  8771 | D        | Reached skill level 15 in Armour
  8771 | D        | Killed a tentacled monstrosity
  8772 | D        | Killed an orb of fire
  8774 | D        | Noticed an ancient lich
  8774 | D        | Killed a Killer Klown
  8779 | D        | Killed an ancient lich
  8779 | D        | Killed an electric golem
  8784 | D        | Reached skill level 27 in Polearms
  8840 | D        | Noticed an electric golem
  8846 | D        | Killed an electric golem
  8882 | D        | Reached XP level 20. HP: 176/193 MP: 36/36
  9072 | D        | Noticed an ancient lich
  9077 | D        | Killed an ancient lich
  9081 | D        | Noticed an ancient lich
  9091 | D        | Reached skill level 27 in Invocations
  9092 | D        | Killed an ancient lich
  9092 | D        | Reached skill level 27 in Fighting
  9313 | D        | Got an elven rune of Zot
  9334 | D        | Reached skill level 27 in Throwing
  9340 | D        | Noticed the Royal Jelly
  9367 | D        | Reached XP level 21. HP: 197/204 MP: 38/38
  9367 | D        | Killed the Royal Jelly
  9367 | D        | Reached skill level 27 in Evocations
  9380 | D        | Got a slimy rune of Zot
  9723 | D        | Got the Orb of Zot
 10300 | D        | Noticed Ufoigan the pandemonium lord
 10308 | D        | Killed Ufoigan the pandemonium lord
 10428 | D        | Noticed Boris
 10439 | D        | Killed Boris
 10508 | D        | Noticed Xyse Tia the pandemonium lord
 10515 | D        | Killed Xyse Tia the pandemonium lord
 10922 | D        | Noticed Vyvaat the pandemonium lord
 10927 | D        | Killed Vyvaat the pandemonium lord
 10960 | D        | Reached skill level 27 in Armour
 11319 | D        | Reached skill level 27 in Shields
 11455 | D        | Escaped with the Orb!

Illustrated notes

Levels and vault maps discovered:
D:        linesprint [early_d, line_temple, items_1, d_10, items_2, lair_1,
          lair_end, items_3, orc_1, orc_end, items_4, d_15, swamp_1, shoals_1,
          snake_1, spider_1, d_20, vaults_1, items_5, swamp_end, shoals_end,
          snake_end, spider_end, vaults_end, d_27, items_6, zot_1, zot_end,
          crypt_end, forest_end, elf_end, slime_end, tomb_end, abyss_end,
          pan_hell_end]

Skill      XL: |  1  2  3  4  5  6  7  8  9 10 11 12 13 14 15 16 17 18 19 20 21 |
---------------+----------------------------------------------------------------+-----
Dodging        | 2 3 4 7 8 10 12 13 15 16 18 21 23 25 27 | 27.0
Polearms       | 4 5 6 8 9 11 13 14 20 24 27 | 27.0
Fighting       | 4 5 6 8 9 10 11 13 14 15 16 19 20 21 23 25 27 | 27.0
Shields        | 4 6 7 8 10 12 13 15 17 22 25 27 | 27.0
Invocations    | 4 5 7 9 10 12 14 15 16 19 21 23 25 27 | 27.0
Evocations     | 6 9 11 14 17 19 22 26 27 | 27.0
Armour         | 3 6 7 11 14 16 20 27 | 27.0
Spellcasting   | 4 10 | 10.6
Throwing       | 5 17 20 22 24 27 | 27.0

Action                   |  1- 3 |  4- 6 |  7- 9 | 10-12 | 13-15 | 16-18 | 19-21 || total
-------------------------+-------+-------+-------+-------+-------+-------+-------++-------
Melee: Trident           |    52 |    56 |    33 |   260 |   213 |       |       ||   614
       Trishula          |       |       |       |       |    41 |   510 |   156 ||   707
       Tailslap          |       |       |       |       |       |     1 |       ||     1
Throw: Stone             |       |       |       |    14 |       |       |       ||    14
       Dart              |       |       |       |     3 |    23 |       |     3 ||    29
       Boomerang         |       |       |       |     1 |       |       |       ||     1
       Javelin           |       |       |       |       |       |    58 |   188 ||   246
       Throwing net      |       |       |       |       |       |       |     1 ||     1
Invok: Upheaval          |       |       |     8 |    40 |    66 |    38 |    34 ||   186
       Disaster Area     |       |       |       |     1 |       |       |       ||     1
 Abil: Evoke Invisibilit |       |       |       |       |       |     6 |     6 ||    12
Evoke: Box of beasts     |       |       |       |    11 |    27 |    16 |    13 ||    67
       Wand              |       |       |       |       |     2 |       |       ||     2
       Condenser vane    |       |       |       |       |       |     4 |     4 ||     8
  Use: Potion            |       |     4 |       |       |     3 |       |    10 ||    17
       Scroll            |       |       |       |     1 |     2 |     4 |     3 ||    10
 Stab: Distracted        |       |       |       |       |     4 |     3 |     2 ||     9
       Invisible         |       |       |       |       |       |    11 |     1 ||    12
Armor: Scale mail        |    10 |       |       |       |       |       |       ||    10
       Chain mail        |       |    26 |    10 |       |       |       |       ||    36
       Steam dragon scal |       |       |       |     1 |       |       |       ||     1
       Leather armour    |       |       |       |     3 |    16 |    10 |       ||    29
       Acid dragon scale |       |       |       |       |       |     7 |     4 ||    11
Dodge: Dodged            |    14 |     8 |    14 |    41 |    71 |    87 |    26 ||   261
       Repelled          |       |       |       |     1 |     2 |     3 |     4 ||    10
Block: Kite shield       |    23 |    17 |    20 |   126 |   150 |       |       ||   336
       Tower shield      |       |       |       |       |    27 |   323 |    84 ||   434

Table legend: (Time is in decaauts) A = Elapsed time spent in this place. B = Non-inter-level travel time spent in this place. C = Inter-level travel time spent in this place. D = Time resting spent in this place. E = Time spent auto-exploring this place. F = Levels seen in this place. G = Mean time per level. A B C D E F G +--------+--------+--------+--------+--------+-----+--------+ Total | 10790 | 9171 | 1619 | 4357 | 0 | 1 | 10790.0 | Dungeon | 10790 | 9171 | 1619 | 4357 | 0 | 1 | 10790.0 | +--------+--------+--------+--------+--------+-----+--------+

Top non-repeatable levels by time:
       D: 10790 daAuts
